 Dungeon Crawl Stone Soup version 0.22-a0-362-g535178c (webtiles) character file.

613 dstrtnsr the Chiller (level 7, -3/76 HPs)
             Began as a Gnoll Ice Elementalist on Apr 22, 2018.
             Was an Initiate of Cheibriados (penitent).
             Slain by an ice beast (13 damage)
             ... on level 6 of the Dungeon.
             The game lasted 00:09:11 (1273 turns).

dstrtnsr the Chiller (Gnoll Ice Elementalist)       Turns: 1273, Time: 00:09:12

Health: -3/76      AC:  4    Str: 15    XL:     7   Next: 44%
Magic:  11/15      EV: 15    Int: 19    God:    Cheibriados [*]
Gold:   173        SH:  0    Dex: 16    Spells: 9/17 levels left

rFire    . . .     SeeInvis .   o - +0 dagger (elec)
rCold    . . .     Gourm    .   (no shield)
rNeg     . . .     Faith    .   a - +0 robe
rPois    .         Spirit   .   g - +0 helmet
rElec    .         Reflect  .   (no cloak)
rCorr    .         Harm     .   i - +0 pair of gloves
MR       .....                  (no boots)
Stlth    ..........             (no amulet)
HPRegen  0.22/turn              (no ring)
MPRegen  0.14/turn              (no ring)

@: berserking, slow
A: distributed training, fangs 1, strong nose
a: Renounce Religion


You were on level 6 of the Dungeon.
You worshipped Cheibriados.
Cheibriados was demanding penance.
You were not hungry.

You visited 2 branches of the dungeon, and saw 7 of its levels.

You collected 173 gold pieces.

Inventory:

Hand Weapons
 f - a +0 short sword of draining
 o - a +0 dagger of electrocution (weapon)
Missiles
 m - 10 stones (quivered)
Armour
 a - a +0 robe (worn)
 g - a +0 helmet (worn)
 i - a +0 pair of gloves (worn)
 p - a scarf of resistance
Scrolls
 b - a scroll of enchant weapon {unknown}
 d - a scroll of amnesia {unknown}
 e - a scroll of blinking {unknown}
 h - a scroll of remove curse {unknown}
 k - a scroll of teleportation {!d}
 l - a scroll of immolation {unknown}
 n - 2 scrolls of identify
Potions
 j - a potion of berserk rage
Comestibles
 c - 11 rations {!d}


   Skills:
 + Level 2.4 Fighting
 + Level 2.4 Short Blades
 + Level 2.4 Long Blades
 + Level 2.4 Axes
 + Level 2.4 Maces & Flails
 + Level 2.4 Polearms
 + Level 2.4 Staves
 + Level 2.4 Slings
 + Level 2.4 Bows
 + Level 2.4 Crossbows
 + Level 2.4 Throwing
 + Level 2.4 Armour
 + Level 5.2 Dodging
 + Level 4.9 Stealth
 + Level 2.4 Shields
 + Level 2.4 Unarmed Combat
 + Level 5.6 Spellcasting
 + Level 2.9 Conjurations
 + Level 2.0 Hexes
 + Level 2.0 Charms
 + Level 2.0 Summonings
 + Level 2.0 Necromancy
 + Level 2.0 Translocations
 + Level 2.0 Transmutations
 + Level 2.0 Fire Magic
 + Level 5.8 Ice Magic
 + Level 2.0 Air Magic
 + Level 2.0 Earth Magic
 + Level 2.0 Poison Magic
 + Level 2.7 Invocations
 + Level 2.4 Evocations


You had 9 spell levels left.
You knew the following spells:

 Your Spells              Type           Power        Failure   Level  Hunger
a - Freeze                Ice            ####         1%          1    None
i - Summon Ice Beast      Ice/Summ       ###.....     24%         4    ####...
o - Ozocubu's Armour      Chrm/Ice       ###.....     7%          3    ##.....


Dungeon Overview and Level Annotations

Branches:
Dungeon (6/15)             Temple (1/1) D:6

Altars:
Ashenzari
Cheibriados
Dithmenos
Elyvilon
Fedhas
Gozag
Hepliaklqana
Makhleb
Nemelex Xobeh
Okawaru
Qazlal
Ru
Sif Muna
Trog
Uskayaw
Vehumet
Wu Jian
Xom
Yredelemnul
Zin
The Shining One

Annotations:
D:3 Galewind's ghost, amateur DEFE
D:6 dstrtnsr's ghost, novice GnIE


Innate Abilities, Weirdness & Mutations

Your experience applies equally to all skills.
You have very sharp teeth.
Your uncanny sense of smell can sniff out nearby items.


Message History

Unknown command.
You hit the jackal.
You kill the jackal!
Dstrtnsr's ghost hits your ice beast.
Your ice beast hits dstrtnsr's ghost but does no damage.
A sky beast appears from thin air!
A sky beast comes into view.
The sky beast hits your ice beast but does no damage.
Dstrtnsr's ghost closely misses your ice beast.
Your ice beast hits dstrtnsr's ghost but does no damage.
A gnoll comes into view.
Dstrtnsr's ghost hits your ice beast.
Your ice beast dies!
Something barely misses your ice beast.
The sky beast flickers out of sight!
You hear a blaring wail to the north.
You hear an angry buzzing noise.
You hear a shout!
You hear an angry buzzing noise.
You hear a shout! x3
You hear a bark!
You hear a shout! x2; You hear a bark!
You hear a shout! x7
You hear an angry hiss.
You hear a shout! x4
There is a staircase to the Ecumenical Temple here.
The water moccasin skeleton bites you.
You climb downwards.
Welcome to the Ecumenical Temple!
Found four altars.
There is a staircase back to the Dungeon here.
Unknown command.
Damage: -6%(-3hp) hp: 83%(42hp)
There is a sparkling altar of Nemelex Xobeh here.
Found a glowing silver altar of Zin.
Found a basalt altar of Yredelemnul.
Found an opulent altar of Gozag.
Found a shattered altar of Ashenzari.
Found an ornate altar of the Wu Jian Council.
Found a radiant altar of Vehumet.
Found a bloodstained altar of Trog.
Found a stormy altar of Qazlal.
Found a blossoming altar of Fedhas and a shimmering altar of Xom.
Found a hide-covered altar of Uskayaw.
Found a snail-covered altar of Cheibriados.
Found a deep blue altar of Sif Muna.
Found a burning altar of Makhleb.
There is a snail-covered altar of Cheibriados here.
You kneel at the altar of Cheibriados.
Cheibriados welcomes you!
Cheibriados begins to support your attributes as your movement slows.
You can now bend time to slow others.
Okay, then.
Found an iron altar of Okawaru.
Found a white marble altar of Elyvilon.
Found a hazy altar of Hepliaklqana.
There is a staircase back to the Dungeon here.
You can't go down here!
Unknown command.
You climb upwards.
Welcome back to the Dungeon!
Level annotation: dstrtnsr's ghost, novice GnIE The ice beast misses you.
The water moccasin skeleton bites you. The sky beast hits you.
The sky beast shocks you. The ice beast hits you. The ice beast freezes you!
The water moccasin skeleton bites you!
* * * LOW HITPOINT WARNING * * *
There is a staircase to the Ecumenical Temple here.
Huge Dmg: -58%(-30hp) hp: 42%(21hp) Unknown command.
As you read the scroll labeled JAESSARCHUL, it crumbles to dust.
It is a scroll of identify.
j - 2 potions of berserk rage The sky beast misses you.
The orc barely misses you. The water moccasin skeleton bites you.
* * * LOW HITPOINT WARNING * * *
The ice beast misses you.
Damage: -4%(-2hp) hp: 38%(19hp) Unknown command.
A red film seems to cover your vision as you go berserk!
Cheibriados thinks you should slow down.
You feel very guilty. "You will pay for your transgression, mortal!"
Cheibriados forces you to slow down.
You feel mighty!
The sky beast hits you but does no damage.
The water moccasin skeleton closely misses you.
The orc barely misses you. The ice beast hits you.
* * * LOW HITPOINT WARNING * * *
The ice beast freezes you!
* * * LOW HITPOINT WARNING * * *
Damage: -2%(-2hp) hp: 23%(17hp)
You puncture the orc!
You kill the orc!
Cheibriados thoroughly appreciates the change of pace.
The sky beast barely misses you. The water moccasin skeleton misses you.
Unknown command.
You puncture the ice beast! Your bite misses the ice beast.
The ice beast is moderately wounded.
The ice beast completely misses you. The water moccasin skeleton bites you.
* * * LOW HITPOINT WARNING * * *
The sky beast closely misses you.
Huge Dmg: -5%(-4hp) hp: 18%(13hp)
You puncture the ice beast!
Lightning courses through the ice beast!
The ice beast is almost dead.
The ice beast hits you.
* * * LOW HITPOINT WARNING * * *
The ice beast freezes you!
You die...

#.# #.# # ..
#######.#####.##.#
..
..........{...(..#
#.
######.#####:####
#> #..........##
#.
####...#.#.W.... .
.......#.#.#...##
# ......#.#g#.#..#
# .......#Y@Z#...#
#
......#.#Y#.#....
#
.......#.#.#...##
# ........#.#....#
# ...............#
# .....###......#
# .##. #....#.# #
# #.......


You could see an ice beast, a sky beast, dstrtnsr's ghost, a gnoll and a water
moccasin skeleton.

Vanquished Creatures
  An ogre (D:4)
  3 scorpions
  A crimson imp (D:5)
  3 hounds
  3 worker ants (D:4)
  2 adders
  2 gnolls (D:4)
  2 worms
  An adder skeleton (D:5)
  2 dart slugs
  A leopard gecko (D:5)
  12 orcs
  3 bats
  2 giant cockroaches
  A hobgoblin (D:1)
  8 jackals
  A quokka (D:4)
  2 frilled lizards
  A jackal skeleton (D:4)
  3 kobolds
  A rat (D:1)
55 creatures vanquished.

Vanquished Creatures (collateral kills)
  An ice beast (D:5)
  A hound (D:5)
  A worker ant (D:5)
  A worker ant zombie (D:5)
  A gnoll (D:4)
  An adder (D:5)
  A shadow imp (D:5)
  2 orcs (D:6)
  A frilled lizard (D:4)
10 creatures vanquished.

Grand Total: 65 creatures vanquished

Notes
Turn   | Place    | Note
-------+----------+-------------------------------------------
     0 | D:1      | dstrtnsr the Gnoll Ice Elementalist began the quest for the Orb.
     0 | D:1      | Reached XP level 1. HP: 13/13 MP: 6/6
    47 | D:1      | Reached XP level 2. HP: 19/19 MP: 1/7
   200 | D:2      | Reached skill level 5 in Spellcasting
   200 | D:2      | Reached XP level 3. HP: 24/25 MP: 4/9
   205 | D:2      | Learned a level 3 spell: Ozocubu's Armour
   229 | D:3      | Noticed Galewind's ghost (amateur DEFE)
   326 | D:4      | Reached skill level 1 in Fighting
   326 | D:4      | Reached skill level 1 in Short Blades
   326 | D:4      | Reached skill level 1 in Long Blades
   326 | D:4      | Reached skill level 1 in Axes
   326 | D:4      | Reached skill level 1 in Maces & Flails
   326 | D:4      | Reached skill level 1 in Polearms
   326 | D:4      | Reached skill level 1 in Staves
   326 | D:4      | Reached skill level 1 in Slings
   326 | D:4      | Reached skill level 1 in Bows
   326 | D:4      | Reached skill level 1 in Crossbows
   326 | D:4      | Reached skill level 1 in Throwing
   326 | D:4      | Reached skill level 1 in Armour
   326 | D:4      | Reached skill level 1 in Shields
   326 | D:4      | Reached skill level 1 in Unarmed Combat
   326 | D:4      | Reached skill level 1 in Invocations
   326 | D:4      | Reached skill level 1 in Evocations
   326 | D:4      | Reached XP level 4. HP: 32/32 MP: 3/11
   339 | D:4      | Reached skill level 1 in Hexes
   339 | D:4      | Reached skill level 1 in Charms
   339 | D:4      | Reached skill level 1 in Summonings
   339 | D:4      | Reached skill level 1 in Necromancy
   339 | D:4      | Reached skill level 1 in Translocations
   339 | D:4      | Reached skill level 1 in Transmutations
   339 | D:4      | Reached skill level 1 in Fire Magic
   339 | D:4      | Reached skill level 1 in Air Magic
   339 | D:4      | Reached skill level 1 in Earth Magic
   339 | D:4      | Reached skill level 1 in Poison Magic
   364 | D:4      | Reached XP level 5. HP: 15/37 MP: 3/12
   367 | D:4      | HP: 14/37 [poisoned by a scorpion]
   373 | D:4      | Learned a level 4 spell: Summon Ice Beast
   475 | D:5      | Entered Level 5 of the Dungeon
   592 | D:3      | Reached XP level 6. HP: 23/44 MP: 8/13
   594 | D:4      | HP: 17/44 [gnoll/spear (7)]
   613 | D:4      | HP: 13/44 [gnoll/stone (5)]
   616 | D:4      | Reached skill level 5 in Dodging
   654 | D:4      | HP: 12/44 [orc (3)]
   720 | D:4      | HP: 17/44 [hound (3)]
   940 | D:5      | Reached XP level 7. HP: 38/50 MP: 10/15
  1181 | D:6      | Found a staircase to the Ecumenical Temple.
  1194 | D:6      | Noticed dstrtnsr's ghost (novice GnIE)
  1209 | Temple   | Entered the Ecumenical Temple
  1248 | Temple   | Became a worshipper of Cheibriados the Contemplative
  1269 | D:6      | HP: 19/51 [water moccasin skeleton (2)]
  1270 | D:6      | Was placed under penance by Cheibriados
  1273 | D:6      | Slain by an ice beast

Vault maps used:
D:1:      dpeg_arrival_brainrot, minmay_octomino_e4
D:2:      kiku_gazebo_garden_becter, first_ration, uniq_terence
D:3:      uniq_natasha
D:4:      minmay_liquid_box
D:6:      lemuel_castle_with_subvaults, minmay_temple_entry_grid,
          lexackson_kobold_supper, uniq_eustachio, uniq_crazy_yiuf_cottage,
          uniq_duvessa, uniq_pikel
Temple:   nicolae_temple_the_god_donut

Skill      XL: |  1  2  3  4  5  6  7 |
---------------+----------------------+-----
Conjurations   | 2 |  2.9
Spellcasting   | 5 |  5.6
Fighting       | 1 2 |  2.4
Short Blades   | 1 2 |  2.4
Long Blades    | 1 2 |  2.4
Axes           | 1 2 |  2.4
Maces & Flails | 1 2 |  2.4
Polearms       | 1 2 |  2.4
Staves         | 1 2 |  2.4
Slings         | 1 2 |  2.4
Bows           | 1 2 |  2.4
Crossbows      | 1 2 |  2.4
Throwing       | 1 2 |  2.4
Armour         | 1 2 |  2.4
Shields        | 1 2 |  2.4
Unarmed Combat | 1 2 |  2.4
Invocations    | 1 2 |  2.7
Evocations     | 1 2 |  2.4
Hexes          | 1 2 |  2.0
Charms         | 1 2 |  2.0
Summonings     | 1 2 |  2.0
Necromancy     | 1 2 |  2.0
Translocations | 1 2 |  2.0
Transmutations | 1 2 |  2.0
Fire Magic     | 1 2 |  2.0
Air Magic      | 1 2 |  2.0
Earth Magic    | 1 2 |  2.0
Poison Magic   | 1 2 |  2.0
Dodging        | 5 |  5.2
Stealth        | |  4.9
Ice Magic      | |  5.8

Action                   |  1- 3 |  4- 6 |  7- 9 || total
-------------------------+-------+-------+-------++-------
Melee: Short sword       |    10 |    25 |       ||    35
       Unarmed           |     2 |       |       ||     2
       Bite              |       |     2 |     3 ||     5
       Dagger            |       |     2 |    31 ||    33
Throw: Stone             |       |     2 |       ||     2
 Cast: Freeze            |    26 |    28 |    21 ||    75
       Summon Ice Beast  |       |     3 |     5 ||     8
  Use: Scroll            |       |     1 |     1 ||     2
       Potion            |       |       |     1 ||     1
 Stab: Sleeping          |     2 |     4 |       ||     6
  Eat: Chunk             |       |       |     2 ||     2
Armor: Robe              |     6 |    12 |     6 ||    24
Dodge: Dodged            |    22 |    36 |    44 ||   102

Table legend:
 A = Spawn XP
 B = Non-spawn XP
 C = Spawn XP percentage of total XP
 D = Spawn monster count
 E = Non-spawn monster count
 F = Spawn count percentage of total count
 G = Total turns spent on level
                    A         B        C        D         E        F      G
               +---------+---------+-------+---------+---------+-------+---------
         Total |       0 |     877 |   0.0 |       0 |      65 |   0.0 |  1273
               +---------+---------+-------+---------+---------+-------+---------
           D:1 |       0 |      20 |   0.0 |       0 |       9 |   0.0 |   123
           D:2 |       0 |      21 |   0.0 |       0 |       4 |   0.0 |    86
           D:3 |       0 |      50 |   0.0 |       0 |       4 |   0.0 |   108
           D:4 |       0 |     409 |   0.0 |       0 |      20 |   0.0 |   444
           D:5 |       0 |     368 |   0.0 |       0 |      24 |   0.0 |   413
           D:6 |       0 |       9 |   0.0 |       0 |       4 |   0.0 |    40
               +---------+---------+-------+---------+---------+-------+---------
